 Dungeon Crawl Stone Soup version 0.30.0-29-ga12c61a403 (webtiles) character file.

Game seed: 11875251175417358827

11 ces the Shooter (level 2, -1/14 HPs)
             Began as a Spriggan Hunter on June 26, 2023.
             Slain by a goblin
             ... wielding a +0 dagger
             ... led by Robin
              (4 damage)
             ... on level 2 of the Dungeon.
             The game lasted 00:01:26 (421 turns).

ces the Shooter (Spriggan Hunter)                    Turns: 421, Time: 00:01:26

Health: -1/14      AC:  2    Str:  7    XL:     2   Next: 17%
Magic:  3/3        EV: 18    Int: 10    God:
Gold:   42         SH:  0    Dex: 18    Spells: 1/1 levels left

rFire   . . .        a - +0 shortbow
rCold   . . .        (shield currently unavailable)
rNeg    . . .        c - +0 robe
rPois   .            (helmet restricted)
rElec   .            (no cloak)
rCorr   .            (gloves unavailable)
SInv    +            (boots unavailable)
Will    .....        (no amulet)
Stlth   ++           (no ring)
HPRegen 0.22/turn    (no ring)
MPRegen 0.08/turn

%: no passive effects
@: brilliant, hasted, very quick
A: very small, no large weapons, unfitting armour, see invisible, speed 3
a: no special abilities


You were on level 2 of the Dungeon.
You visited 1 branch of the dungeon, and saw 2 of its levels.

You collected 42 gold pieces.

Inventory:

Hand Weapons
 a - a +0 shortbow (weapon)
Armour
 c - a +0 robe (worn)
Scrolls
 b - a scroll of immolation
 e - a scroll of identify
Potions
 g - a potion of attraction {unknown}


   Skills:
 - Level 1.5 Fighting
 + Level 4.4 Ranged Weapons
 * Level 3.0 Dodging
 - Level 1.5 Stealth


You had one spell level left.
You didn't know any spells.
Your spell library contained the following spells:

 Spells                   Type           Power      Damage    Failure   Level
 Slow                     Hex            0%         N/A       36%         1
 Scorch                   Fire           0%         2d5       50%         2
 Confusing Touch          Hex            0%         N/A       75%         3
 Vampiric Draining        Necr           0%         2d6       75%         3
 Flame Wave               Conj/Fire      0%         2d4       98%         4
 Summon Cactus Giant      Summ           0%         N/A       100%        6


Dungeon Overview and Level Annotations

Branches:
Dungeon (1/15)

Altars:

Annotations:
D:2 1 runed translucent door, Crazy Yiuf, Robin, Terence


Innate Abilities, Weirdness & Mutations

You are very small and have problems with some larger weapons.
You are too small for most types of armour.
You have supernaturally acute eyesight. (SInv)
You cover ground extremely quickly. (Speed+++)


Message History

You hear a shout!
You hear a shout! x9; You hear an angry hiss.
You hear a shout! 3 goblins, 2 hobgoblins and a kobold come into view.
The goblin shouts!
The kobold shouts!
You hear an angry hiss. 3 goblins and a hobgoblin come into view.
The goblin shouts!
The hobgoblin shouts!
A goblin comes into view. It is wielding a +0 dagger.
The goblin moves out of view.
A goblin and an adder come into view.
Robin roars a battlecry!
The goblins go into a battle-frenzy!
A frilled lizard comes into view.
The frilled lizard hisses angrily.
Robin throws the goblin at you!
A frilled lizard comes into view.
As you read the scroll labelled SICIYREVVY, it crumbles to dust.
It is a scroll of identify.
h - a scroll of poison The frilled lizard hisses angrily.
The goblin closely misses you. The kobold completely misses you.
The goblin hits you with a +0 dagger.
Robin's horned helmet rattles.
Really read the scroll of poison?
The air fills with toxic fumes!
As you read the scroll of poison, it crumbles to dust.
The goblin misses you. The kobold closely misses you.
The goblin hits you with a +0 dagger.
* * * LOW HITPOINT WARNING * * *
The goblin closely misses you.
It was a potion of haste.
You feel yourself speed up. The goblin barely misses you.
The kobold barely misses you. The goblin closely misses you. x2
Robin's horned helmet rattles.
It was a potion of brilliance.
You feel clever all of a sudden. The goblin barely misses you.
The kobold hits you with a +0 dagger.
* * * LOW HITPOINT WARNING * * *
The goblin hits you with a +0 dagger.
You die... # §§§§§§ #§ §§§§§ §# ##§§§§ .... §§§§§§§ .... §#§§§ .§... §lS

.§§§§###g#
.§§§§ggg@# .
.§§§§gggK#.. #
#§§§g§g§#.# ..
#§§§gg§g#.#..##.
.§§§g###§#.#.....
.§§§§#.§§§...w.#
.§l§ #.#§§##...#
§§ #.§§@...#.#.#
####..#...#.#


You could see Terence, Robin, an adder, 4 hobgoblins, 8 goblins, a kobold and 2
frilled lizards.

Vanquished Creatures
  A worm (D:2)
  An endoplasm (D:2)
  A goblin (D:1)
  A quokka (D:2)
  2 bats
  2 kobolds (D:1)
  A rat (D:1)
9 creatures vanquished.

Notes
Turn   | Place    | Note
-------+----------+-------------------------------------------
     0 | D:1      | ces the Spriggan Hunter began the quest for the Orb.
     0 | D:1      | Reached XP level 1. HP: 10/10 MP: 2/2
   221 | D:1      | You fall into a shaft and drop 1 floor!
   255 | D:2      | Reached XP level 2. HP: 14/14 MP: 3/3
   277 | D:2      | Found a runed translucent door.
   278 | D:2      | Noticed Crazy Yiuf
   327 | D:2      | Noticed Terence
   409 | D:2      | Noticed Robin
   421 | D:2      | Slain by a goblin

Illustrated notes

Levels and vault maps discovered:
D:1:      saegor_arrival_fortress, layout_basic, minmay_misc_feat_diagonals
D:2:      layout_basic, minmay_bisected, uniq_robin, uniq_crazy_yiuf_cottage,
          uniq_terence

Skill      XL: |  1 |
---------------+----+-----
Dodging        | 3 |  3.0
Fighting       | |  1.5
Ranged Weapons | |  4.4
Stealth        | |  1.5

Action                     || total
---------------------------++-------
   Fire: Shortbow          ||    28
    Use: Scroll            ||     2
         Potion            ||     2
  Dodge: Dodged            ||    15
